 Dungeon Crawl Stone Soup version 0.22.1-6-g1668fe2 (webtiles) character file.

1045 brainwave the Grappler (level 8, -5/68 HPs)
             Began as a Minotaur Monk on Jan 28, 2019.
             Was a Priest of Zin.
             Slain by a hornet (8 damage)
             ... on level 6 of the Dungeon.
             The game lasted 00:38:25 (4720 turns).

brainwave the Grappler (Minotaur Monk)              Turns: 4720, Time: 00:38:25

Health: -5/68      AC:  3    Str: 17    XL:     8   Next: 4%
Magic:  7/7        EV: 15    Int:  7    God:    Zin [***...]
Gold:   251        SH:  0    Dex: 14    Spells: 7/7 levels left

rFire    + . .     SeeInvis .     - Unarmed
rCold    . . .     Gourm    .   (no shield)
rNeg     . . .     Faith    .   w - +1 robe {rF+}
rPois    .         Spirit   .   (helmet restricted)
rElec    .         Reflect  .   (no cloak)
rCorr    .         Harm     .   (no gloves)
MR       +....                  (no boots)
Stlth    ++........             (no amulet)
HPRegen  0.21/turn              g - ring of protection from magic
MPRegen  0.10/turn              (no ring)

@: lethally poisoned (-5 -> -28), slowed, very slow
A: retaliatory headbutt, horns 2
a: Recite, Vitalisation, Imprison, Donate Gold, Renounce Religion


You were on level 6 of the Dungeon.
You worshipped Zin.
Zin was most pleased with you.
You were not hungry.

You visited 1 branch of the dungeon, and saw 6 of its levels.

You collected 278 gold pieces.
You donated 27 gold pieces to Zin.

Inventory:

Hand Weapons
 d - a +0 dagger
 e - a +0 dagger
 i - a +0 club
 j - a +0 dagger of protection
 l - a +0 dagger
 m - a +0 flail
 n - a +0 club
 q - a +0 trident
 r - a +0 dagger
 u - a +0 hand axe
 v - a +1 scythe of venom
 y - a +0 flail
 z - a +0 dagger
 A - a +0 mace
 L - a +0 quarterstaff
Missiles
 c - 2 javelins (quivered)
 h - 43 sling bullets
 x - 27 bolts
 D - 10 poisoned needles
 J - a throwing net
Armour
 a - a +0 robe
 o - a +0 robe
 p - a +0 robe
 s - a +0 robe
 w - a +1 robe of fire resistance (worn)
 B - a +0 robe
Jewellery
 g - a ring of protection from magic (left hand)
Wands
 t - a wand of random effects (31)
Scrolls
 b - a scroll of enchant armour {unknown}
 f - 4 scrolls of teleportation
 C - a scroll of blinking {unknown}
 E - a scroll of fog {unknown}
 I - a scroll of remove curse
 M - a scroll of identify
Potions
 k - a potion of flight
 F - a potion of degeneration {unknown}
 G - a potion of agility {unknown}
Comestibles
 H - a ration


   Skills:
 + Level 5.0 Fighting
 + Level 5.0 Dodging
 + Level 3.0 Stealth
 * Level 9.0 Unarmed Combat


You had 7 spell levels left.
You didn't know any spells.
Your spell library was empty.

Dungeon Overview and Level Annotations

Branches:
Dungeon (6/15)
 Temple: D:4-7

Altars:
Ashenzari
Dithmenos
Sif Muna
Zin

Shops:
D:4 [   D:6 (


Innate Abilities, Weirdness & Mutations

You reflexively headbutt those who attack you in melee.
You have a pair of horns on your head.


Message History

You are poisoned.
You feel as though you will be slow longer.
You barely miss the hornet.
The hornet is almost dead.
You feel sick. The hornet stings you!
* * * LOW HITPOINT WARNING * * *
You are lethally poisoned!
You feel as though you will be slow longer.
The hornet stings you.
* * * LOW HITPOINT WARNING * * *
You suddenly lose the ability to move!
The hornet stings you!
* * * LOW HITPOINT WARNING * * *
You are more poisoned.
You feel as though you will be slow longer.
You can move again.
It was a potion of magic.
Magic courses through your body.
* * * LOW HITPOINT WARNING * * *
You feel very sick. The hornet stings you!
You die...

....................>#.#.#
..............#........#.# #
..............#.#..#.###∩#.#
..............#...<......#.#
..........###......#.#......
#...........#......#....<...
...................#.#......
#.....##....#......#........
#..... #...@#.#.#..#........
#..... #...y#.#.#...........
#..... #..... #.##...#......
... #...... .....#......
#......#####..#......
.....#.. .......#.#
......#### ## ...##.#
.......#


You could see a hornet.

Vanquished Creatures
  Grinder (D:4)
  Sigmund (D:4)
  A phantom (D:4)
  An ogre (D:5)
  2 scorpions (D:4)
  A howler monkey (D:3)
  2 crimson imps
  3 orc wizards
  A hound (D:4)
  3 worker ants (D:4)
  3 adders
  A shadow imp (D:5)
  2 oozes
  An adder zombie (D:4)
  An adder skeleton (D:5)
  2 dart slugs (D:3)
  5 leopard geckos
  6 orcs
  4 giant cockroaches
  5 hobgoblins
  2 jackals (D:2)
  3 quokkas
  2 ball pythons (D:3)
  4 bats
  4 frilled lizards
  7 goblins
  3 kobolds
  5 rats
76 creatures vanquished.

Notes
Turn   | Place    | Note
-------+----------+-------------------------------------------
     0 | D:1      | brainwave the Minotaur Monk began the quest for the Orb.
     0 | D:1      | Reached XP level 1. HP: 19/19 MP: 0/0
   342 | D:2      | Reached XP level 2. HP: 25/27 MP: 1/1
   528 | D:2      | You fall through a shaft for 2 floors!
   532 | D:4      | Reached skill level 4 in Unarmed Combat
   532 | D:4      | Reached XP level 3. HP: 25/33 MP: 2/2
   736 | D:4      | Found a shadowy altar of Dithmenos.
   812 | D:4      | Found a deep blue altar of Sif Muna.
   876 | D:4      | Noticed a phantom
   886 | D:4      | Noticed Grinder
   888 | D:4      | Noticed a scorpion
   894 | D:3      | Reached XP level 4. HP: 24/40 MP: 3/3
  1086 | D:3      | Reached skill level 5 in Unarmed Combat
  1142 | D:3      | Reached XP level 5. HP: 10/46 MP: 4/4
  1882 | D:3      | Found a glowing silver altar of Zin.
  2012 | D:4      | Reached skill level 6 in Unarmed Combat
  2021 | D:4      | Found Atoetao's Antique Armour Shoppe.
  2040 | D:4      | Reached XP level 6. HP: 23/53 MP: 5/5
  2391 | D:4      | Killed Grinder
  2391 | D:4      | Reached skill level 7 in Unarmed Combat
  2455 | D:4      | Reached XP level 7. HP: 50/60 MP: 6/6
  3088 | D:4      | Noticed Sigmund
  3124 | D:4      | Killed Sigmund
  3124 | D:4      | Reached skill level 8 in Unarmed Combat
  3139 | D:4      | HP: 3/60 [poisoned by Sigmund]
  3147 | D:4      | HP: 2/60 [poisoned by Sigmund]
  3155 | D:4      | HP: 1/60 [poisoned by Sigmund]
  3583 | D:2      | Reached skill level 5 in Fighting
  3758 | D:3      | Became a worshipper of Zin the Law-Giver
  3758 | D:3      | Reached * piety under Zin
  3758 | D:3      | Reached ** piety under Zin
  4205 | D:4      | Reached skill level 5 in Dodging
  4338 | D:5      | Entered Level 5 of the Dungeon
  4366 | D:5      | Found a shattered altar of Ashenzari.
  4508 | D:5      | Reached *** piety under Zin
  4528 | D:5      | Reached skill level 9 in Unarmed Combat
  4528 | D:5      | Reached XP level 8. HP: 68/68 MP: 7/7
  4586 | D:6      | Found Ygroemoq's Weapon Shoppe.
  4711 | D:6      | Noticed a hornet
  4719 | D:6      | Paralysed by a hornet for 1 turns
  4720 | D:6      | HP: 3/68 [poisoned by a hornet]
  4720 | D:6      | Slain by a hornet

Skill      XL: |  1  2  3  4  5  6  7 |
---------------+----------------------+-----
Fighting       | 4 5 |  5.0
Unarmed Combat | 4 5 6 7 9 |  9.0
Stealth        | 2 3 |  3.0
Dodging        | 4 5 |  5.0

Action                   |  1- 3 |  4- 6 |  7- 9 || total
-------------------------+-------+-------+-------++-------
Melee: Unarmed           |    51 |   104 |   113 ||   268
       Headbutt          |     7 |    23 |    18 ||    48
       Punch             |       |     3 |     1 ||     4
  Use: Scroll            |     1 |     4 |     2 ||     7
       Potion            |     1 |     2 |     2 ||     5
 Stab: Sleeping          |     2 |       |     1 ||     3
  Eat: Ration            |       |     1 |     3 ||     4
Armor: Robe              |     2 |     9 |     4 ||    15
Dodge: Dodged            |    31 |    58 |    58 ||   147
